 Dungeon Crawl Stone Soup version 0.20-a0-947-g2784f4f (webtiles) character file.

199 4thArraOfDagon the Conjurer (level 5, -12/31 HPs)
             Began as an Octopode Conjurer on Apr 3, 2017.
             Was a Follower of the Shining One.
             Mangled by an iguana (14 damage)
             ... on level 4 of the Dungeon.
             The game lasted 00:06:25 (1058 turns).

4thArraOfDagon the Conjurer (Octopode Conjurer)     Turns: 1058, Time: 00:06:26

Health: -12/31     AC:  1    Str:  7    XL:     5   Next: 77%
Magic:  4/9        EV: 14    Int: 18    God:    the Shining One [*.....]
Gold:   37         SH:  0    Dex: 18    Spells: 4/9 levels left

rFire    . . .     SeeInvis .   f - -1 mace (curse)
rCold    . . .     Gourm    +   (no shield)
rNeg     . . .     Faith    .   (helmet restricted)
rPois    .         Spirit   .   p - amulet of the gourmand
rElec    .         Reflect  .   l - +5 ring of dexterity
rCorr    .         Harm     .   t - ring of stealth
MR       .....                  (no ring)
Stlth    ++........             (no ring)
Regen    0.1/turn               (no ring)
MPRegen  0.2/turn               (no ring)
                                (no ring)
                                (no ring)

@: glowing
A: almost no armour, stealthy swim, amphibious, 8 rings, constrict 8, camouflage
1, gelatinous body 1
a: Renounce Religion


You were on level 4 of the Dungeon.
You worshipped the Shining One.
The Shining One was aware of your devotion.
You were not hungry.

You visited 2 branches of the dungeon, and saw 7 of its levels.

You collected 97 gold pieces.
You spent 60 gold pieces at shops.

Inventory:

Hand Weapons
 d - a +0 club
 f - a cursed -1 mace (weapon)
 h - a +0 spear
Jewellery
 l - a +5 ring of dexterity (left tentacle)
 p - an amulet of the gourmand (around mantle)
 t - a ring of stealth (right tentacle)
Wands
 e - a wand of paralysis (11/24)
Scrolls
 k - a scroll of blinking {unknown}
 r - a scroll of teleportation
 s - a scroll of fear {unknown}
Potions
 c - 3 potions of lignification {unknown}
 g - a potion of haste {unknown}
 j - a potion of flight {unknown}
 m - a potion of heal wounds
 n - a potion of mutation {unknown}
Books
 a - a book of Conjurations

   Spells                             Type                      Level
   a - Magic Dart                     Conjuration                  1
   b - Searing Ray                    Conjuration                  2
   c - Dazzling Spray                 Conjuration/Hexes            3
   d - Fulminant Prism                Conjuration/Hexes            4
   e - Force Lance                    Conjuration/Translocation    4
   f - Iskenderun's Mystic Blast      Conjuration                  4
Comestibles
 b - a bread ration
 i - a meat ration
 o - a royal jelly


   Skills:
 - Level 2.0 Dodging
 - Level 2.6 Stealth
 + Level 2.9 Spellcasting
 * Level 6.4 Conjurations


You had 4 spell levels left.
You knew the following spells:

 Your Spells              Type           Power        Failure   Level  Hunger
a - Magic Dart            Conj           ####         1%          1    None
b - Iskenderun's Mystic   Conj           ####....     14%         4    ####...


Dungeon Overview and Level Annotations

Branches:
Dungeon (6/15)             Temple (1/1) D:4

Altars:
Cheibriados
Dithmenos
Elyvilon
Fedhas
Makhleb
Nemelex Xobeh
Qazlal
Ru
Sif Muna
Trog
Wu Jian
Xom
Yredelemnul
The Shining One

Shops:
D:4 *   D:5 ?=[

Annotations:
D:4 Ijyb


Innate Abilities, Weirdness & Mutations

You cannot wear most types of armour.
You are very stealthy in the water. (Stealth+)
You are amphibious.
You can wear up to eight rings at the same time.
You can use your tentacles to constrict eight enemies at once.
Your skin changes colour to match your surroundings (Stealth+).
Your rubbery body absorbs attacks. (AC +1, EV +1)


Message History

Aim: an iguana (lightly wounded)
The magic dart hits the iguana.
The iguana is moderately wounded.
You closely miss the iguana. Your grab misses the iguana.
Your squeeze misses the iguana.
The iguana is moderately wounded.
The iguana bites you! The iguana bites you.
You hit the iguana but do no damage. Your grab misses the iguana.
You squeeze the iguana, but do no damage.
The iguana is moderately wounded.
The iguana bites you!
* * * LOW HITPOINT WARNING * * *
Unknown command.
Evoke which item? (* to show all) (? for menu, Esc to quit)
Aiming: Paralyse
Press: ? - help, Shift-Dir - straight line, f/p - iguana
Aim: an iguana (moderately wounded, haloed, chance to defeat MR: 54%)
The iguana resists with significant effort.
This wand has 11 charges left.
The iguana bites you!
You die...

...............
................
.....<..........
..<.>..............
..............##..#
###+
......%............
#...
%......l.........
#...
.......@........
#...
##!.......###.#
+..>
...######.##..#
#... # #####....#
#... #......######
#... ##..........#
###' #....#####.#
#... ##....# .
#...# ##.....#
##.....#.#


You could see an iguana.

Vanquished Creatures
  A crimson imp (D:5)
  4 worker ants
  2 adders (D:5)
  2 shadow imps (D:5)
  An ooze (D:1)
  An adder skeleton (D:4)
  2 dart slugs (D:2)
  2 leopard geckos
  2 bats (D:3)
  A giant cockroach (D:3)
  3 goblins
  3 hobgoblins (D:3)
  2 jackals (D:6)
  A quokka (D:4)
  4 frilled lizards
  3 rats
34 creatures vanquished.

Notes
Turn   | Place    | Note
-------+----------+-------------------------------------------
     0 | D:1      | 4thArraOfDagon the Octopode Conjurer began the quest for the Orb.
     0 | D:1      | Reached XP level 1. HP: 11/11 MP: 3/3
   146 | D:3      | Reached XP level 2. HP: 17/17 MP: 1/5
   495 | D:3      | Reached XP level 3. HP: 21/21 MP: 3/6
   504 | D:3      | Found a faded altar of an unknown god.
   514 | D:3      | Became a worshipper of Elyvilon the Healer
   514 | D:3      | Reached * piety under Elyvilon
   697 | D:4      | Noticed Ijyb
   741 | D:4      | Found Ukhloukh's General Store.
   748 | D:4      | Reached skill level 5 in Conjurations
   751 | D:4      | Found a staircase to the Ecumenical Temple.
   758 | Temple   | Entered the Ecumenical Temple
   784 | Temple   | Fell from the grace of Elyvilon
   784 | Temple   | Became a worshipper of the Shining One
   820 | D:4      | Reached XP level 4. HP: 27/27 MP: 4/7
   824 | D:4      | Bought a potion of heal wounds for 60 gold pieces
   841 | D:4      | Learned a level 4 spell: Iskenderun's Mystic Blast
   852 | D:5      | Entered Level 5 of the Dungeon
   869 | D:5      | Reached skill level 6 in Conjurations
   869 | D:5      | Reached XP level 5. HP: 25/31 MP: 3/8
   953 | D:5      | Found Coquc's Armour Shop.
   978 | D:5      | Reached * piety under the Shining One
   989 | D:5      | Found Joghu's Jewellery Emporium.
   990 | D:5      | Found Laizazuit's Magic Scroll Shop.
  1058 | D:4      | Mangled by an iguana

Vault maps used:
D:1:      onia_arrival_larder
D:3:      chequers_ecumenical_altar_twisty
D:4:      marbit_many_paths, temple_green, first_bread, serial_shops,
          nicolae_shop_statue_plus, moated_statue, uniq_duvessa, uniq_iyjb
D:5:      minmay_opposing_rooms, serial_shops, shop, shop,
          nicolae_shop_behind_doors, shop, uniq_edmund
D:6:      tso_altar, uniq_blork_the_orc
Temple:   regret_index_temple_sigil_plot

Skill      XL: |  1  2  3  4 |
---------------+-------------+-----
Conjurations   | 5 6 |  6.4
Dodging        | |  2.0
Stealth        | |  2.6
Spellcasting   | |  2.9

Action                   |  1- 3 |  4- 6 || total
-------------------------+-------+-------++-------
Melee: Club              |     2 |       ||     2
       Constrict         |     4 |     5 ||     9
       Mace              |     8 |    16 ||    24
       Tentacles         |       |     6 ||     6
 Cast: Magic Dart        |    47 |    22 ||    69
Evoke: Wand              |     4 |     2 ||     6
  Use: Scroll            |     3 |       ||     3
 Stab: Paralysed         |     3 |       ||     3
  Eat: Chunk             |       |     4 ||     4
Armor: Skin              |     5 |     1 ||     6
Dodge: Dodged            |    16 |    12 ||    28
